 Dungeon Crawl Stone Soup version 0.30.1-8-g117510f58f (webtiles) character file.

Game seed: 2894470816252440069

532 Wiggles the Chopper (level 7, 0/62 HPs)
             Began as a Minotaur Berserker on Sept 23, 2023.
             Was a Priest of Trog.
             Slain by a gnoll sergeant
             ... wielding a +2 heavy spear
              (2 damage)
             ... on level 5 of the Dungeon.
             The game lasted 00:05:05 (3240 turns).

Wiggles the Chopper (Minotaur Berserker)            Turns: 3240, Time: 00:05:05

Health: 0/62       AC:  9    Str: 23    XL:     7   Next: 3%
Magic:  6/6        EV:  6    Int:  4    God:    Trog [***...]
Gold:   195        SH: 11    Dex: 10    Spells: 6/6 levels left

rFire   . . .        c - +0 war axe
rCold   . . .        j - +0 tower shield
rNeg    . . .        y - +0 chain mail
rPois   .            (helmet restricted)
rElec   .            (no cloak)
rCorr   .            (no gloves)
SInv    .            (no boots)
Will    .....        (no amulet) Stlth
                     (no ring)
HPRegen 0.30/turn    (no ring)
MPRegen 0.10/turn

%: no passive effects
@: on berserk cooldown, slowed, very slow
A: horns 2, retaliatory headbutt
a: Renounce Religion, Berserk, Trog's Hand


You were on level 5 of the Dungeon.
You worshipped Trog.
Trog was most pleased with you.
You visited 1 branch of the dungeon, and saw 6 of its levels.

You collected 195 gold pieces.

Inventory:

Hand Weapons
 c - a +0 war axe (weapon)
Armour
 j - a +0 tower shield (worn)
 y - a +0 chain mail (worn)
Jewellery
 q - a ring of protection from cold
Wands
 s - a wand of iceblast (8)
 v - a wand of charming (1)
Scrolls
 b - 2 scrolls of identify {unknown}
 d - 3 scrolls of noise {unknown}
 f - 2 scrolls of teleportation {unknown}
 i - a scroll of summoning {unknown}
 l - a scroll of magic mapping {unknown}
 m - 2 scrolls of fear {unknown}
 p - a scroll of fog {unknown}
 x - a scroll of blinking {unknown}
Potions
 a - a potion of haste {unknown}
 e - 3 potions of lignification {unknown}
 g - a potion of might {unknown}
 h - a potion of mutation {unknown}
 k - 3 potions of heal wounds {unknown}
 n - a potion of berserk rage {unknown}
 r - a potion of brilliance {unknown}
 t - 2 potions of curing {unknown}
 u - a potion of flight {unknown}
 w - a potion of cancellation {unknown}


   Skills:
 + Level 5.7 Fighting
 + Level 7.1 Axes
 + Level 3.1 Armour
 + Level 3.5 Dodging
 + Level 0.7 Stealth
 + Level 2.1 Shields


You had 6 spell levels left.
You didn't know any spells.
Your spell library was empty.

Dungeon Overview and Level Annotations

Branches:
Dungeon (6/15)
 Temple: D:4-7

Altars:
Ru
Trog
The Shining One


Innate Abilities, Weirdness & Mutations

You have a pair of horns on your head.
You reflexively headbutt those who attack you in melee.


Message History

a +0 whip; a gnoll corpse You closely miss the gnoll.
You closely miss the gnoll sergeant.
You hit the gnoll. x2; The gnoll hits you but does no damage.
You block the gnoll's attack. x2; The gnoll hits you but does no damage.
The gnoll hits you with a +0 halberd.
The gnoll sergeant hits you with a +2 heavy spear!
You slash the gnoll sergeant!
Your headbutt misses the gnoll sergeant.
The gnoll sergeant is moderately wounded.
You closely miss the gnoll. You hit the gnoll but do no damage.
You barely miss the gnoll. The gnoll hits you with a +0 halberd.
The gnoll barely misses you. You block the gnoll's attack. x3
You block the gnoll sergeant's attack. The gnoll closely misses you.
You furiously retaliate!
You headbutt the gnoll! You hit the gnoll sergeant.
Your headbutt misses the gnoll sergeant.
The gnoll sergeant is moderately wounded.
You barely miss the gnoll. You closely miss the gnoll.
You barely miss the gnoll. You block the gnoll's attack. x2
The gnoll hits you but does no damage.
The gnoll sergeant hits you with a +2 heavy spear!
The gnoll hits you with a +0 halberd!
* * * LOW HITPOINT WARNING * * *
You block the gnoll's attack. The gnoll hits you but does no damage.
You hit the gnoll sergeant but do no damage.
The gnoll sergeant is moderately wounded.
You hit the gnoll but do no damage. You completely miss the gnoll.
You slash the gnoll!
You kill the gnoll!
Trog accepts your kill. The gnoll hits you with a +0 halberd.
* * * LOW HITPOINT WARNING * * *
You block the gnoll's attack.
The gnoll sergeant hits you with a +2 heavy spear.
* * * LOW HITPOINT WARNING * * *
The gnoll hits you with a +0 halberd.
* * * LOW HITPOINT WARNING * * *
You block the gnoll's attack.
The gnoll sergeant hits you with a +2 heavy spear.
You die...

..#.....#.........#....
.............#.........
.#.......#..###..#....
##.....###.....###...
#..###..#[...... .##
.....#............ .
#.......$.#.....#..
#.........##...##
.......g@# ....
....#..)ggg.....
#..###..#....... ##.
...###.....# . ....
.###.. ...... .. .
#..... .. ##... ...


You could see a gnoll sergeant and 3 gnolls.

Vanquished Creatures
  Sigmund (D:3)
  A phantom (D:4)
  2 vampire bats (D:3)
  A hound (D:4)
  A sleepcap (D:5)
  3 gnolls
  3 adders
  A white imp (D:3)
  An ufetubus (D:5)
  4 worms
  5 dart slugs
  11 bats
  3 endoplasms
  2 giant cockroaches (D:1)
  7 hobgoblins
  13 jackals
  2 quokkas
  4 ball pythons
  5 frilled lizards
  6 goblins
  3 kobolds
  3 rats
  A spectral kobold (D:2)
83 creatures vanquished.

Notes
Turn   | Place    | Note
-------+----------+-------------------------------------------
     0 | D:1      | Wiggles the Minotaur Berserker began the quest for the Orb.
     0 | D:1      | Reached XP level 1. HP: 19/19 MP: 0/0
   128 | D:1      | Reached XP level 2. HP: 21/27 MP: 1/1
   162 | D:1      | Reached skill level 4 in Axes
   376 | D:1      | Reached XP level 3. HP: 9/33 MP: 2/2
   578 | D:1      | Reached ** piety under Trog
   956 | D:2      | Found a faded altar of an unknown god.
  1025 | D:2      | Reached XP level 4. HP: 34/41 MP: 3/3
  1297 | D:2      | Reached skill level 5 in Axes
  1717 | D:3      | Noticed Sigmund
  1723 | D:3      | Killed Sigmund
  1724 | D:3      | Reached skill level 5 in Fighting
  1724 | D:3      | Reached skill level 6 in Axes
  1724 | D:3      | Reached skill level 1 in Shields
  1724 | D:3      | Reached XP level 5. HP: 48/48 MP: 4/4
  1817 | D:3      | Reached XP level 6. HP: 52/56 MP: 5/5
  1995 | D:3      | Found a sacrificial altar of Ru.
  2379 | D:3      | Found a glowing golden altar of the Shining One.
  2569 | D:4      | Found a bloodstained altar of Trog.
  2624 | D:4      | Reached skill level 7 in Axes
  3028 | D:4      | Reached *** piety under Trog
  3055 | D:4      | You fall into a shaft and drop 2 floors!
  3082 | D:5      | Entered Level 5 of the Dungeon
  3107 | D:5      | Reached XP level 7. HP: 61/61 MP: 6/6
  3240 | D:5      | HP: 2/62 [gnoll/+0 halberd[a gnoll sergeant] (6)]
  3240 | D:5      | Slain by a gnoll sergeant

Illustrated notes

Levels and vault maps discovered:
D:1:      ncdulo_wetmaze, layout_loops_ring, corexii_leaking_fountain,
          minmay_statues_item
D:2:      minmay_skewed_foursquare, layout_basic,
          dreamdust_ecumenical_altar_drowned_temple, minmay_pentomino_o4
D:3:      layout_basic, mainiacjoe_overflow_catch_the_wave,
          kennysheep_nondescript, roderic_batcave, uniq_sigmund
D:4:      layout_layer_cave, trog_three_pillars_becter,
          nicolae_overflow_crystal_walls, columned_hall_lemuel
D:5:      nicolae_cairo_tiling_large_dashed, layout_loops_corners,
          minmay_manual_mullet
D:6:      minmay_thinvault, layout_cave_pods, hangedman_decor_riveting

Skill      XL: |  1  2  3  4  5  6 |
---------------+-------------------+-----
Axes           | 4 6 7 |  7.1
Fighting       | 4 5 |  5.7
Dodging        | 3 |  3.5
Shields        | 1 2 |  2.1
Armour         | 3 |  3.1
Stealth        | |  0.7

Action                     |  1- 3 |  4- 6 |  7- 9 || total
---------------------------+-------+-------+-------++-------
  Melee: War axe           |    72 |    79 |     9 ||   160
         Hand axe          |     6 |       |       ||     6
         Headbutt          |     5 |    10 |     1 ||    16
 Invoke: Berserk           |     1 |     1 |     1 ||     3
 Armour: Animal skin       |     9 |     2 |       ||    11
         Leather armour    |       |    26 |       ||    26
         Chain mail        |       |       |     6 ||     6
  Dodge: Dodged            |    61 |    39 |     3 ||   103
  Block: Tower shield      |     7 |    44 |    17 ||    68
